AoeStats
← AiM | XiøFabrY

Arabia

510319053Analyzed
1v1 RM · 2d ago on Sep 30, 2026· 44m 47s· 2 players
Game mode
Random Map
Map size
Tiny (2 player)
Population
200
Speed
Normal
Resources
Standard
Victory
Conquest
Starting age
Dark Age
Ending age
Imperial Age
RankedLock teamsTeams togetherTeam positionsShared explorationLock speedFull tech treeHidden civsTurbo modeCheats
Victory
Defeat
🇹🇷 Teutons · Türkiye
1228
+17
🇨🇱 Britons · Chile
1251
-17
ElderWisdom
7:14 Loom
9:35 Feudal Age
10:04 Double-Bit Axe
10:03 Horse Collar
15:39 Fletching
17:46 Padded Archer Armor
21:54 Castle Age
21:03 Gold Mining
21:26 Bloodlines
21:23 Scale Barding Armor
21:59 Forging
23:01 Chain Barding Armor
27:05 Forging
32:37 Wheelbarrow
34:22 Hand Cart
34:56 Bow Saw
35:49 Iron Casting
41:12 Imperial Age
40:45 Horse Collar
41:16 Cavalier
42:34 Plate Barding Armor
AiM | XiøFabrY
3:48 Loom
9:18 Feudal Age
10:23 Double-Bit Axe
14:15 Fletching
15:12 Wheelbarrow
15:35 Scale Barding Armor
18:44 Padded Archer Armor
21:16 Forging
21:05 Town Watch
25:48 Castle Age
24:01 Gold Mining
24:03 Horse Collar
25:36 Scale Mail Armor
26:09 Stone Mining
25:58 Crossbowman
27:10 Bodkin Arrow
27:00 Pikeman
28:16 Squires
29:17 Light Cavalry
36:51 Ballistics
43:28 Imperial Age
Connection lost

Rejoining the realm…

Still unreachable

The connection could not be restored.

Session expired

The server has moved on; the page needs a fresh start.